 Dungeon Crawl Stone Soup version 0.31-a0-564-g3b7de120b3 (webtiles) character file.

Game seed: 9519840291540298050

10892 Shayle the Fighter (level 11, -10/117 HPs)
             Began as an Ogre Shapeshifter on Aug 17, 2023.
             Was a Follower of Ashenzari.
             Mangled by a two-headed ogre
             ... wielding a +0 giant spiked club
              (24 damage)
             ... on level 10 of the Dungeon.
             The game lasted 00:46:32 (15752 turns).

Shayle the Fighter (Ogre Shapeshifter)             Turns: 15752, Time: 00:46:34

Health: -10/117    AC:  6    Str: 24 (25) XL:     11   Next: 69%
Magic:  2/16       EV: 10    Int: 12      God:    Ashenzari [*.....]
Gold:   455        SH:  0    Dex:  8      Spells: 9/20 levels left

rFire   . . .        b - +7 scythe (venom)
rCold   . . .        (shield currently unavailable)
rNeg    . . .        v - +0 steam dragon scales
rPois   .            (helmet currently unavailable)
rElec   .            (cloak currently unavailable)
rCorr   .            (gloves unavailable)
SInv    +            (boots unavailable)
Will    +....        n - amulet "Eternal Together" {Acrobat, Elem, Dev} (curse)
Stlth   +            j - ring of the Unmoving One {SInv, Self, Cun} (curse)
HPRegen 0.39/turn    (no ring)
MPRegen 0.15/turn

%: acrobat
@: confused, beast-form
A: beast (slay +4), large, unfitting armour, tough skin 1, talons 1,
deterioration 1, low MP 1, strong 1
a: Begin Untransformation, Renounce Religion, Curse Item, Shatter the Chains


You were on level 10 of the Dungeon.
You worshipped Ashenzari.
Ashenzari was aware of your devotion.
You were a hulking beast.
You visited 3 branches of the dungeon, and saw 12 of its levels.

You collected 647 gold pieces.
You spent 192 gold pieces at shops.

Inventory:

Hand Weapons
 b - a +7 scythe of venom (weapon)
Missiles
 l - 6 throwing nets
Armour
 a - a +0 animal skin
 h - a scarf of repulsion
 v - +0 steam dragon scales (worn)
Jewellery
 j - the cursed ring of the Unmoving One (left hand) {SInv, Self, Cun}
   (You found it on level 2 of the Dungeon)

   [ring of see invisible]

   SInv:      It lets you see invisible.
   It has a curse which improves the following skills: Introspection: Fighting
   and Spellcasting.
   Cunning:   Dodging and Stealth.
 n - the cursed amulet "Eternal Together" (around neck) {Acrobat, Elem, Dev}
   (You found it on level 2 of the Dungeon)

   [amulet of the acrobat]

   Acrobat:   It increases your evasion while moving and waiting.
   It has a curse which improves the following skills: Elements: Fire Magic, Ice
   Magic, Air Magic and Earth Magic.
   Devices:   Evocations and Shapeshifting.
Talismans
 c - a beast talisman (active)
 d - a flux talisman
Wands
 p - a wand of polymorph (6)
 t - a wand of paralysis (4)
 u - a wand of mindburst (20)
 x - a wand of flame (8)
 A - a wand of roots (6)
Scrolls
 f - 2 scrolls of vulnerability
 g - 17 scrolls of identify
 i - 2 scrolls of teleportation
 y - a scroll of poison
 z - a scroll of brand weapon
Potions
 e - a potion of ambrosia
 k - a potion of resistance
 m - a potion of enlightenment
 o - 2 potions of curing
 q - a potion of brilliance
 r - a potion of haste
 s - a potion of mutation
 w - 3 potions of invisibility


   Skills:
 + Level 9.4(10.1) Fighting
 - Level 3.6(4.3) Dodging
 + Level 6.9 Unarmed Combat
 - Level 4.3(5.0) Spellcasting
 + Level 4.0 Conjurations
 + Level 5.4(6.1) Fire Magic
 + Level 1.8(2.4) Ice Magic
 + Level 5.2(6.0) Air Magic
 + Level 5.2(6.0) Earth Magic
 + Level 4.1 Poison Magic
 + Level 6.4(7.2) Shapeshifting


You had 9 spell levels left.
You knew the following spells:

 Your Spells              Type           Power      Damage    Failure   Level
a - Mephitic Cloud        Conj/Pois/Air  14%        N/A       9%          3
b - Freezing Cloud        Conj/Ice/Air   6%         6-21      69%         5
c - Ignite Poison         Fire/Tmut/Pois 11%        N/A       14%         3

Your spell library contained the following spells:

 Spells                   Type           Power      Damage    Failure   Level
 Magic Dart               Conj           48%        1d5       3%          1
 Poisonous Vapours        Pois/Air       30%        N/A       3%          2
 Swiftness                Air            17%        N/A       4%          3
 Searing Ray              Conj           24%        2d5       6%          2
 Cigotuvi's Dreadful Rot  Necr/Pois/Air  22%        N/A       8%          2
 Stone Arrow              Conj/Erth      30%        3d8       8%          3
 Passwall                 Tmut/Erth      8%         N/A       9%          2
 Hailstorm                Conj/Ice       10%        3d5       16%         3
 Ensorcelled Hibernation  Hex/Ice        10%        N/A       19%         2
 Fulminant Prism          Conj/Hex       3%         3d5       65%         4
 Dispersal                Tloc           1%         N/A       100%        6
 Disjunction              Tloc           1%         N/A       100%        8


Dungeon Overview and Level Annotations

Branches:
Dungeon (10/15)            Temple (1/1) D:4            Lair (1/5) D:10
    Orc: D:9-12

Altars:
Ashenzari
Cheibriados
Dithmenos
Elyvilon
Fedhas
Gozag
Hepliaklqana
Kikubaaqudgha
Makhleb
Nemelex Xobeh
Okawaru
Qazlal
Ru
Sif Muna
Trog
Uskayaw
Vehumet
Wu Jian
Xom
Yredelemnul
Zin
The Shining One

Shops:
D:1 !   D:4 :

Annotations:
D:4 2 transporters
D:5 3 runed translucent doors, IdlyInterested's ghost, amateur DsGl


Innate Abilities, Weirdness & Mutations

You are a hulking beast.
Your limbs bulge with bestial killing power. (Slay +4)
You are too large for most types of armour.
You have tough skin. (AC +1)
You have sharp toenails.
Your body sometimes deteriorates upon taking damage.
Your magical capacity is low. (-10% MP)
Your muscles are strong. (Str +4, Int/Dex -1)


Message History

Aiming: Mephitic Cloud (mildly dangerous; 9% risk of failure)
Press: ? - help, Shift-Dir - straight line, f/p - troll
Aim: a troll (noxious fumes, severely wounded, chance to affect: 67%)
The ball explodes into a vile cloud!
The stinking cloud engulfs the troll but does no damage.
The troll is severely wounded.
The stinking cloud engulfs the two-headed ogre but does no damage.
The two-headed ogre is moderately wounded.
The two-headed ogre is engulfed in blazing flames.
The troll is engulfed in noxious fumes.
The troll appears confused.
You hit the two-headed ogre.
The two-headed ogre is poisoned.
You claw the two-headed ogre.
The two-headed ogre is heavily wounded.
The two-headed ogre hits you with a +0 giant spiked club!! x2
The troll is engulfed in noxious fumes.
The troll appears confused.
Unknown command.
Casting: Mephitic Cloud (mildly dangerous; 9% risk of failure)
Confirm with . or Enter, or press ? or * to list all spells.
Aiming: Mephitic Cloud (mildly dangerous; 9% risk of failure)
Press: ? - help, Shift-Dir - straight line, f/p - troll
Aim: a troll (heavily wounded, confused, chance to affect: 67%)
The ball explodes into a vile cloud!
The stinking cloud engulfs the two-headed ogre but does no damage.
The two-headed ogre is heavily wounded.
The stinking cloud engulfs you but does no damage.
You are engulfed in noxious fumes.
You choke on the stench!
You are confused.
The two-headed ogre is engulfed in noxious fumes.
The two-headed ogre hits you with a +0 giant spiked club!!
The two-headed ogre closely misses you.
You bump into the rock wall.
You are engulfed in noxious fumes.
The two-headed ogre is engulfed in noxious fumes.
The two-headed ogre appears confused.
You're too confused to move!
You are engulfed in noxious fumes.
You choke on the stench!
You are more confused.
The two-headed ogre hits you with a +0 giant spiked club!!!
* * * LOW HITPOINT WARNING * * *
The two-headed ogre hits you with a +0 giant spiked club!!
You die...

,,#.....#..###### ###.#.##.##
,,*.....*.......# ####.#.##.#
#####.#####.###.# #......##.#
..#.....#8...8#.## #<##.####.#
⌠.#.#.#.#.....#..# #.##.# #.#
.....#.....8.....# #.##.####.#*
⌠.#.#.#.#.....#○T# #.........#*
..#.....#8...8#O.# ###..######,
#####.#####.###.h#######...####,,
..#.....#.....................+,,
..#.....#....###$#######...####,,
.....[.).........# *,.#.## **,
..#.....#....##### *,#,## **
..#..?..#.#### *,*** *
..###.###.# *,* #.........# *,*
#.####.##.# **,**


You could see a two-headed ogre (confused, poisoned) and a troll (confused).

Vanquished Creatures
  Harold (D:9)
  A two-headed ogre (D:9)
  A boulder beetle (shapeshifter) (D:9)
  A manticore (D:9)
  A black mamba (Lair:1)
  A cane toad (Lair:1)
  A rime drake (Lair:1)
  3 komodo dragons (Lair:1)
  A slime creature (D:9)
  Sigmund (D:2)
  A shadow (D:9)
  9 yaks
  A wraith (D:6)
  3 wyverns
  2 vampire mosquitoes (D:9)
  3 steam dragons
  3 water moccasins
  An acid dragon (D:9)
  5 orc warriors
  An ice beast (D:8)
  An ogre (D:6)
  2 centaurs
  2 phantoms
  3 kobold brigands
  2 gnoll sergeants
  3 bullfrogs
  2 scorpions
  4 wights
  17 killer bees
  4 howler monkeys
  2 gnoll boudas
  8 orc priests
  A hound (D:4)
  2 jellies
  3 iguanas
  A sleepcap (D:8)
  12 orc wizards
  17 gnolls
  5 adders
  A shadow imp (D:7)
  An ufetubus (D:7)
  3 worms
  2 dart slugs
  16 orcs
  11 endoplasms
  3 giant cockroaches
  2 goblins (D:2)
  6 hobgoblins
  32 kobolds
  6 quokkas
  6 ball pythons
  4 bats
  A frilled lizard (D:1)
  4 rats
230 creatures vanquished.

Notes
Turn   | Place    | Note
-------+----------+-------------------------------------------
     0 | D:1      | Shayle the Ogre Shapeshifter began the quest for the Orb.
     0 | D:1      | Reached XP level 1. HP: 19/19 MP: 1/1
   117 | D:1      | Reached XP level 2. HP: 15/28 MP: 2/2
   326 | D:1      | Reached skill level 2 in Fighting
   775 | D:1      | Found Efoer's Distillery.
   783 | D:1      | Bought a potion of heal wounds for 60 gold pieces
   911 | D:2      | Found a faded altar of an unknown god.
   921 | D:2      | Reached XP level 3. HP: 35/35 MP: 3/3
  1802 | D:2      | Noticed Sigmund
  1821 | D:2      | Killed Sigmund
  1822 | D:2      | Reached skill level 3 in Fighting
  1822 | D:2      | Reached XP level 4. HP: 48/48 MP: 4/4
  1822 | D:2      | Reached XP level 5. HP: 54/54 MP: 5/5
  1916 | D:3      | Noticed a shadow
  1917 | D:3      | Found a shadowy altar of Dithmenos.
  1918 | D:3      | Found a hazy altar of Hepliaklqana.
  1950 | D:3      | Learned a level 3 spell: Mephitic Cloud
  1970 | D:3      | Reached XP level 6. HP: 35/62 MP: 6/6
  2075 | D:3      | Got the Notes on Energetic Geometries
  2148 | D:3      | Found a basalt altar of Yredelemnul.
  2525 | D:3      | Reached skill level 4 in Fighting
  2934 | D:4      | Found Kutaor's Vocational Training.
  2949 | D:4      | Found a blossoming altar of Fedhas.
  2975 | D:4      | Found a staircase to the Ecumenical Temple.
  2990 | Temple   | Entered the Ecumenical Temple
  3000 | Temple   | Became a worshipper of Ashenzari the Shackled
  3039 | D:4      | Found an ornate altar of the Wu Jian Council.
  3239 | D:4      | Identified the +0 kite shield of Asemn {rF+ rC+}
  3304 | D:4      | Found a transporter.
  3314 | D:4      | Found a transporter.
  3418 | D:5      | Entered Level 5 of the Dungeon
  3421 | D:5      | Found a runed translucent gate.
  3553 | D:5      | Found a hide-covered altar of Uskayaw.
  3612 | D:5      | Reached XP level 7. HP: 54/71 MP: 7/7
  3949 | D:5      | Noticed IdlyInterested's ghost (amateur DsGl)
  3950 | D:5      | Noticed a kobold demonologist
  3962 | D:5      | Found a runed translucent gate.
  3971 | D:5      | Found a runed translucent gate.
  4378 | D:5      | Found a bloodstained altar of Trog.
  4563 | D:6      | Reached skill level 5 in Fighting
  4563 | D:6      | Reached skill level 1 in Fire Magic
  4563 | D:6      | Reached skill level 1 in Air Magic
  4563 | D:6      | Reached skill level 1 in Earth Magic
  4809 | D:6      | Noticed a wraith
  4815 | D:6      | Killed a wraith
  4816 | D:6      | Reached XP level 8. HP: 42/81 MP: 8/8
  5183 | D:6      | Reached skill level 6 in Fighting
  5183 | D:6      | Reached skill level 5 in Unarmed Combat
  5437 | D:6      | Gained mutation: Your body sometimes deteriorates upon
                  | taking damage. [potion of mutation]
  5437 | D:6      | Gained mutation: You have sharp toenails. [potion of
                  | mutation]
  5437 | D:6      | Gained mutation: Your magical capacity is low. (-10% MP)
                  | [potion of mutation]
  5437 | D:6      | Gained mutation: Your muscles are strong. (Str +4, Int/Dex
                  | -1) [potion of mutation]
  5788 | D:6      | Reached skill level 5 in Shapeshifting
  6264 | D:8      | Reached XP level 9. HP: 84/92 MP: 8/8
  6558 | D:8      | Reached * piety under Ashenzari
  7526 | D:9      | Reached skill level 7 in Fighting
  7529 | D:9      | Reached skill level 1 in Spellcasting
  7529 | D:9      | Reached skill level 1 in Conjurations
  7529 | D:9      | Reached skill level 1 in Poison Magic
  7794 | D:9      | Noticed Harold
  9244 | D:9      | Reached XP level 10. HP: 81/106 MP: 13/13
  9677 | D:9      | Noticed a manticore
  9684 | D:9      | Killed a manticore
  9778 | D:8      | HP: 3/97 [wight/+4 great sword of freezing (4)]
  9849 | D:9      | Reached skill level 8 in Fighting
 10166 | D:9      | Noticed a two-headed ogre
 10173 | D:9      | Killed a two-headed ogre
 11243 | D:9      | Noticed a torpor snail
 11245 | D:9      | Found a snail-covered altar of Cheibriados.
 11245 | D:9      | Noticed a torpor snail
 11246 | D:9      | Noticed a torpor snail
 11259 | D:9      | Killed Harold
 11516 | D:10     | Entered Level 10 of the Dungeon
 11535 | D:10     | Reached XP level 11. HP: 35/115 MP: 16/16
 12413 | D:1      | Bought a potion of curing for 36 gold pieces
 12413 | D:1      | Bought a potion of curing for 36 gold pieces
 12413 | D:1      | Bought a potion of enlightenment for 60 gold pieces
 12910 | D:9      | Noticed a sphinx
 12927 | D:9      | a sphinx changed into a quicksilver dragon
 12927 | D:9      | Noticed a quicksilver dragon (shapeshifter)
 13333 | D:10     | Learned a level 5 spell: Freezing Cloud
 13524 | D:10     | Found an opulent altar of Gozag.
 14000 | D:10     | Found a staircase to the Lair.
 14006 | Lair:1   | Entered Level 1 of the Lair of Beasts
 14012 | Lair:1   | Reached skill level 5 in Fire Magic
 14268 | Lair:1   | Reached skill level 9 in Fighting
 14426 | Lair:1   | Reached skill level 1 in Ice Magic
 14426 | Lair:1   | Reached skill level 5 in Air Magic
 14540 | Lair:1   | Reached skill level 5 in Earth Magic
 14892 | D:10     | Noticed a two-headed ogre
 15037 | D:9      | Learned a level 3 spell: Ignite Poison
 15078 | D:9      | Found a glowing silver altar of Zin.
 15082 | D:9      | Found an ancient bone altar of Kikubaaqudgha.
 15481 | D:9      | Noticed an ice dragon
 15504 | D:9      | Noticed a boulder beetle
 15511 | D:9      | Killed a boulder beetle
 15752 | D:10     | Mangled by a two-headed ogre

Illustrated notes

Levels and vault maps discovered:
D:1:      minmay_arrival_open_corners, layout_basic, serial_shops,
          nicolae_shop_industrial_runoff, minmay_misc_feat_x,
          hangedman_decor_points, corexii_leaking_fountain
D:2:      minmay_evil_eye, layout_basic, ebering_ecumenical_altar_box,
          minmay_misc_feat_plants, uniq_sigmund
D:3:      layout_loops_ring, riverfiend_overflow_shadow_ancestor,
          lemuel_round_altar, st_stairs_4
D:4:      layout_cave_pools, fedhas_altar_1, amcnicky_altar_gilded,
          minmay_temple_entry_antechambers, gammafunk_ghost_gnarly_gnolls,
          hex_large, nicolae_shop_vocational
D:5:      layout_basic, mainiacjoe_overflow_surrounded_room, trog_book,
          gammafunk_ghost_split
D:6:      layout_loops_ring
D:7:      layout_cave_pods, st_stairs_13
D:8:      kennysheep_kobold_camp, layout_basic, nicolae_houndstooth_variations
D:9:      layout_cave_pods, jmf_multi_god_temple, cheibriados_altar_2,
          minmay_pinched_square, uniq_harold
D:10:     layout_loops_corners, nicolae_gozag_seed_capital, dpeg_oklobed_lair,
          minmay_chambers_of_fives
Temple:   jpeg_temple_clearing
Lair:1:   layout_small_grid, minmay_holes, cheibrodos_lair_reptile_den

Skill      XL: |  1  2  3  4  5  6  7  8  9 10 11 |
---------------+----------------------------------+-----
Dodging        | 2 3 |  3.6
Fighting       | 2 3 4 5 6 7 8 9 |  9.4
Unarmed Combat | 3 4 5 6 |  6.9
Shapeshifting  | 4 5 6 |  6.4
Fire Magic     | 1 3 4 5 |  5.4
Air Magic      | 1 3 4 5 |  5.2
Earth Magic    | 1 2 3 4 5 |  5.2
Spellcasting   | 2 4 |  4.3
Conjurations   | 2 3 4 |  4.0
Poison Magic   | 2 3 4 |  4.1
Ice Magic      | 1 |  1.8

Action                     |  1- 3 |  4- 6 |  7- 9 | 10-12 || total
---------------------------+-------+-------+-------+-------++-------
  Melee: Unarmed           |   114 |       |       |       ||   114
         Punch             |     4 |       |       |       ||     4
         Halberd           |       |    77 |   246 |   211 ||   534
         Kick              |       |       |    65 |    71 ||   136
   Cast: Mephitic Cloud    |       |       |       |    14 ||    14
         Ignite Poison     |       |       |       |     2 ||     2
 Invoke: Curse Item        |       |     1 |     1 |       ||     2
  Evoke: Wand              |       |       |     1 |     9 ||    10
    Use: Potion            |     2 |       |     4 |     4 ||    10
         Scroll            |       |       |     1 |    11 ||    12
   Stab: Confused          |       |       |       |     2 ||     2
 Armour: Animal skin       |    23 |    17 |    17 |       ||    57
         Skin              |     2 |       |    26 |       ||    28
         Steam dragon scal |       |       |    27 |    50 ||    77
  Dodge: Dodged            |    49 |    67 |   104 |   183 ||   403

Table legend: (Time is in decaauts)
 A = Elapsed time spent in this place.
 B = Non-inter-level travel time spent in this place.
 C = Inter-level travel time spent in this place.
 D = Time resting spent in this place.
 E = Time spent auto-exploring this place.
 F = Levels seen in this place.
 G = Mean time per level.
                   A        B        C        D        E       F      G
               +--------+--------+--------+--------+--------+-----+--------+
         Total |  16030 |  14696 |   1334 |   5254 |   6333 |  12 | 1335.8 |
       Dungeon |  15359 |  14043 |   1316 |   4893 |   6191 |  10 | 1535.9 |
        Temple |     20 |      2 |     18 |      0 |      0 |   1 |   20.0 |
          Lair |    650 |    650 |      0 |    361 |    142 |   1 |  650.0 |
               +--------+--------+--------+--------+--------+-----+--------+

Top non-repeatable levels by time:
     D:8: 3295 daAuts
     D:9: 3130 daAuts
     D:6: 1559 daAuts
     D:7: 1266 daAuts
     D:2: 1156 daAuts
     D:5: 1086 daAuts
    D:10: 1060 daAuts
     D:1: 995 daAuts
     D:3: 972 daAuts
     D:4: 835 daAuts
  Lair:1: 650 daAuts
  Temple: 20 daAuts
